Map: 光影交错-天梯版

Players

电脑难度(新手)

  • Race: Protoss Protoss

cooper - Winner!

  • Race: Zerg Zerg
  • League: Gold

VOD

Have the link to the VOD?

Description

Time

  • Played on: July 9, 2021, 11:16 a.m.
  • Length: 9:09
Show
View Real Time Build Order
Export as new Build Order

电脑难度(新手) Protoss 

Build Orders:  

Get SALT Encoding   

  12  0:00  Probe  
  13  0:13  Probe  
  14  0:19  Pylon  
  14  0:36  Assimilator  
  14  0:43  Gateway  
  14  0:47  Pylon  
  14  1:15  Probe, Assimilator  
  14  1:23  Probe  
  15  1:31  Probe  
  16  1:32  Cybernetics Core  
  17  1:41  Probe  
  18  1:53  Probe  
  19  1:59  Warp Gate  
  19  2:02  Probe  
  20  2:08  Stalker  
  22  5:30  Zealot  
  22  5:31  Probe  
  22  5:32  Pylon  
  22  5:33  Robotics Facility  
  25  5:39  Probe  
  25  5:48  Probe  
  27  5:57  Probe  
  26  6:04  Pylon  
  26  6:09  Probe  
  27  6:22  Zealot, Observer  
  30  6:43  Observer  
  31  7:13  Nexus, Stalker  
  33  8:20  Stalker  
  33  8:22  Probe  
  33  8:25  Pylon  
  36  8:30  Probe  
  30  8:38  Probe  
  29  8:43  Pylon  
Show
View Real Time Build Order
Export as new Build Order

cooper Zerg - Winner!

Build Orders: Hatch First 

Get SALT Encoding   

  12  0:00  Drone  
  13  0:12  Overlord  
  13  0:16  Drone  
  14  0:30  Drone x2  
  16  0:49  Hatchery  
  15  0:56  Drone x2  
  17  0:59  Drone  
  18  1:10  Extractor  
  17  1:16  Spawning Pool  
  16  1:19  Drone  
  16  1:22  Drone  
  18  1:29  Drone  
  19  1:40  Overlord  
  19  1:50  Drone  
  20  2:03  Queen x2  
  20  2:05  Zergling x4  
  26  2:12  Drone x2  
  28  2:23  Drone  
  28  2:24  Drone  
  30  2:35  Drone  
  30  2:36  Overlord  
  31  2:43  Queen  
  33  2:47  Lair  
  33  2:49  Drone x2  
  35  2:55  Evolution Chamber  
  34  3:00  Roach Warren  
  34  3:01  Drone  
  34  3:04  Drone  
  35  3:08  Drone  
  35  3:09  Drone  
  37  3:14  Overlord  
  37  3:15  Drone  
  37  3:19  Drone  
  39  3:20  Drone  
  39  3:25  Zerg Missile Weapons Level 1  
  40  3:27  Drone  
  40  3:33  Evolution Chamber, Drone  
  41  3:43  Drone x4  
  41  3:44  Drone  
  41  3:48  Glial Reconstitution  
  46  3:52  Extractor  
  46  3:54  Drone x3  
  48  3:55  Extractor  
  48  3:57  Drone  
  48  3:58  Drone  
  48  4:00  Drone  
  50  4:29  Overlord x3  
  50  4:34  Hatchery  
  51  4:45  Roach  
  51  4:50  Roach x3  
  51  4:51  Roach x3  
  63  4:56  Extractor, Drone x3  
  66  5:00  Drone  
  66  5:04  Roach x3  
  72  5:10  Zerg Ground Armor Level 1  
  72  5:18  Roach x2  
  72  5:20  Overlord  
  76  5:35  Zerg Missile Weapons Level 2  
  76  5:37  Overlord  
  76  5:38  Overlord x2  
  76  5:41  Roach x3  
  82  5:50  Roach x3  
  89  5:57  Drone x5  
  89  5:58  Drone  
  93  6:11  Roach x5  
  103  6:17  Overlord  
  103  6:22  Drone  
  103  6:23  Drone  
  105  6:32  Spire  
  105  6:35  Metabolic Boost  
  105  6:36  Roach  
  105  6:37  Roach x6  
  118  6:45  Roach  
  118  6:46  Overlord  
  120  6:47  Overlord  
  120  6:49  Overlord  
  120  7:05  Roach  
  120  7:06  Roach x7  
  136  7:10  Overlord  
  136  7:11  Overlord  
  136  7:12  Overlord  
  136  7:20  Zergling x12  
  142  7:23  Ravager  
  142  7:24  Ravager x2  
  145  7:31  Ravager  
  145  7:32  Ravager  
  145  7:36  Zergling x18  
  156  7:37  Zergling x2  
  157  7:44  Zergling x2  
  157  7:45  Zergling x4  
  157  7:51  Ravager x2  
  162  7:52  Ravager  
  163  8:00  Overlord x3  
  163  8:09  Extractor  
  162  8:13  Extractor  
  162  8:14  Zergling x16  
  169  8:25  Roach  
  169  8:26  Roach x7  
  185  8:38  Zergling x2  
  185  8:39  Zergling x4  
Tags
 
Add a new tag
Caveats
  • Supply blocks, unpowered buildings, or Contaminate may cause inaccurate times.
  • Supply counts are checked every 10 seconds.